[Event "Titled Tuesday Blitz August 22 Late 2023"]
[White "Grebeniuk, Semen"]
[Black "Nielsen, Viktor Haarmark"]
[WhiteFideId "14117509"]
[BlackFideId "1444492"]
[WhiteElo "2564"]
[BlackElo "2399"]
[Result "1-0"]
[Round "7"]
[TimeControl "180+1"]
[Date "2023.08.22"]
[WhiteClock "0:00:21"]
[BlackClock "0:00:00"]
[Board "109"]

1. d4 Nf6 2. Nf3 g6 3. Bg5 Bg7 4. c3 d5 5. Nbd2 b6 6. e3 Bb7 7. Be2 O-O 8. O-O c5 9. b4 Nc6 10. Rb1 cxb4 11. cxb4 Rc8 12. Qa4 a5 13. b5 Nb8 14. Ne5 Nbd7 15. Nc6 Qe8 16. Rfc1 h6 17. Bf4 Ne4 18. Nxe4 dxe4 19. Qa3 Bxc6 20. bxc6 Nf6 21. Bb5 Qd8 22. h3 Nd5 23. Bg3 Nc7 24. Be2 Rb8 25. Qc3 Qc8 26. Qc2 f5 27. a4 Kh7 28. Rb3 e5 29. dxe5 Re8 30. Qb2 Nd5 31. Bb5 Qc7 32. Rd1 Nb4 33. Rd7 Qc8 34. e6 Rg8 35. Be5 Qf8 36. Rf7 Nd3 37. Bxd3 1-0


[Site "https://www.chess.com"]

[Event "Titled Tuesday Blitz August 22 Late 2023"]
[White "kaanadayhamle"]
[Black "Santos Flores, Alberto"]
[BlackFideId "3601234"]
[WhiteElo "2369"]
[BlackElo "2562"]
[Result "0-1"]
[Round "7"]
[TimeControl "180+1"]
[Date "2023.08.22"]
[WhiteClock "0:00:00"]
[BlackClock "0:01:06"]
[Board "110"]

1. e4 e6 2. d4 d5 3. Nd2 c5 4. exd5 Qxd5 5. Ngf3 cxd4 6. Bc4 Qd6 7. O-O Nf6 8. Re1 Nc6 9. Nb3 Bd7 10. Nbxd4 Nxd4 11. Nxd4 a6 12. c3 Qc7 13. Bb3 Bd6 14. g3 O-O-O 15. Be3 e5 16. Nf3 Bc6 17. Qe2 Ng4 18. Ng5 Nxe3 19. Qxe3 Rd7 20. Rad1 f6 21. Nf7 Rf8 22. Nxd6+ Rxd6 23. Rxd6 Qxd6 24. Rd1 Qe7 25. Qb6 Rd8 26. Be6+ Bd7 27. Bd5 Bc6 28. c4 Bxd5 29. cxd5 Kb8 30. d6 Qd7 31. b4 Rc8 32. Qe3 Rc4 33. a3 h5 34. Qd3 Rd4 35. Qe2 Rxd6 36. Rxd6 Qxd6 37. Qxh5 Ka7 38. Qf3 Qd4 39. Kg2 e4 40. Qf4 Qd5 41. Qe3+ Ka8 42. h4 f5 43. Kh2 g6 44. Qg5 Qe6 45. Kg2 Qc6 46. Kh2 Qc2 47. Qe3 Qd3 0-1


[Site "https://www.chess.com"]

[Event "Titled Tuesday Blitz August 22 Late 2023"]
[White "Musovic, Armin"]
[Black "Han, Yichen"]
[WhiteFideId "939935"]
[BlackFideId "1054430"]
[WhiteElo "2538"]
[BlackElo "2356"]
[Result "1/2-1/2"]
[Round "7"]
[TimeControl "180+1"]
[Date "2023.08.22"]
[WhiteClock "0:00:21"]
[BlackClock "0:00:06"]
[Board "111"]

1. a3 e5 2. Nc3 d5 3. d4 exd4 4. Qxd4 Nf6 5. e4 dxe4 6. Qxd8+ Kxd8 7. Bg5 Bf5 8. O-O-O+ Bd6 9. f3 exf3 10. Nxf3 Nd7 11. Bc4 Be6 12. Bb5 h6 13. Bxd7 Kxd7 14. Bxf6 gxf6 15. Ne4 Ke7 16. Nxd6 cxd6 17. Rhe1 Rhg8 18. Rd2 Rac8 19. Nd4 Rc5 20. b4 Re5 21. Ree2 Rc8 22. Nf3 Rxe2 23. Rxe2 Rc4 24. h3 d5 25. Kb2 Kd6 26. Rd2 Re4 27. c3 a6 28. a4 f5 29. a5 f4 30. Kc1 Re3 31. Kc2 Bxh3 32. c4 Bxg2 33. c5+ Kc7 34. Rxg2 Rxf3 35. Rg7 d4 36. Rxf7+ Kc8 37. Rf8+ Kc7 38. Rf7+ Kb8 39. Rf8+ Ka7 40. Rd8 Rc3+ 41. Kd2 Rc4 42. Rd7 Kb8 43. Rf7 Rxb4 44. Rxf4 Rc4 45. Rf5 Ra4 46. Kd3 Kc7 47. Rf6 h5 48. Rh6 h4 49. Ke4 Rxa5 50. Kxd4 Ra4+ 51. Kd5 Rg4 52. Rh7+ Kb8 53. Rh5 a5 54. c6 bxc6+ 55. Kxc6 a4 56. Rh8+ Ka7 57. Rh7+ Ka6 58. Rh8 Ka5 59. Kc5 Rg5+ 60. Kc4 Rg4+ 61. Kc5 Rg5+ 62. Kc4 Rg6 63. Rh5+ Ka6 64. Rxh4 Rb6 65. Rh8 Kb7 66. Rh7+ Ka6 67. Rh8 Ka5 68. Kc5 Rb5+ 69. Kc4 Rb4+ 70. Kc3 Rb6 71. Rh5+ Ka6 72. Rh8 Kb5 73. Kb2 Kb4 74. Rh4+ Ka5+ 75. Ka3 Rb3+ 76. Ka2 Rg3 77. Rh2 Kb4 78. Rh4+ Kb5 79. Rh2 Rg4 80. Rb2+ Ka5 81. Rf2 Kb4 82. Rb2+ Kc3 83. Rf2 Rd4 84. Ka3 Rd1 85. Rf3+ Kc4 86. Rf4+ Kb5 87. Rb4+ Kc5 88. Rh4 Ra1+ 89. Kb2 Rg1 90. Ka3 Ra1+ 91. Kb2 Rg1 92. Rh5+ Kb4 93. Rh4+ Kb5 94. Rh5+ Kc4 95. Rh4+ Kb5 96. Rh5+ Kb4 97. Rh4+ Ka5 98. Rh5+ Kb4 1/2-1/2


[Site "https://www.chess.com"]

[Event "Titled Tuesday Blitz August 22 Late 2023"]
[White "Battlecruiser_Operational"]
[Black "Graif, William"]
[BlackFideId "2609835"]
[WhiteElo "2355"]
[BlackElo "2513"]
[Result "1-0"]
[Round "7"]
[TimeControl "180+1"]
[Date "2023.08.22"]
[WhiteClock "0:00:09"]
[BlackClock "0:00:00"]
[Board "112"]

1. d4 Nf6 2. c4 e6 3. Nc3 Bb4 4. f3 O-O 5. e4 d5 6. cxd5 exd5 7. e5 Nfd7 8. a3 Bxc3+ 9. bxc3 f6 10. exf6 Qxf6 11. Bd3 Qh4+ 12. g3 Qe7+ 13. Kf2 Nf6 14. Kg2 b6 15. Qe2 Qf7 16. Bf4 a5 17. Nh3 Bxh3+ 18. Kxh3 Nh5 19. Be5 Nd7 20. f4 Nxe5 21. dxe5 Rae8 22. Rhf1 Kh8 23. Rae1 Nf6 24. Kg2 c5 25. Qb2 Nd7 26. h4 Re6 27. Qb1 h6 28. a4 Rfe8 29. Bf5 R6e7 30. Bg6 Qf8 31. Bxe8 Qxe8 32. Qb5 d4 33. cxd4 Qa8+ 34. Rf3 Qd5 35. Rd1 Qa2+ 36. Rf2 Qd5+ 37. Kh2 Re8 38. Qd3 c4 39. Qf3 Qf7 40. d5 Nc5 41. e6 Qe7 42. f5 Nd3 43. Rc2 Qc5 44. Rxd3 1-0


[Site "https://www.chess.com"]

[Event "Titled Tuesday Blitz August 22 Late 2023"]
[White "Bilan, Danila"]
[Black "Figorito, Nick"]
[WhiteFideId "24161918"]
[BlackFideId "30923689"]
[WhiteElo "2488"]
[BlackElo "2346"]
[Result "1-0"]
[Round "7"]
[TimeControl "180+1"]
[Date "2023.08.22"]
[WhiteClock "0:00:40"]
[BlackClock "0:00:04"]
[Board "113"]

1. d4 Nf6 2. Nf3 g6 3. Bg5 Bg7 4. c3 O-O 5. Nbd2 d5 6. e3 Bf5 7. Be2 c6 8. Ne5 Nbd7 9. f4 Ne4 10. Nxd7 Qxd7 11. O-O Nxg5 12. fxg5 e5 13. Nf3 exd4 14. exd4 Bg4 15. Nd2 Bxe2 16. Qxe2 Rae8 17. Qd3 Qg4 18. Nf3 Re4 19. Rae1 Rfe8 20. Qd2 b5 21. Qf2 a5 22. Ne5 Qe6 23. Rxe4 dxe4 24. Qxf7+ Qxf7 25. Nxf7 e3 26. Nh6+ Bxh6 27. gxh6 b4 28. Re1 bxc3 29. bxc3 a4 30. Kf1 a3 31. Ke2 Rb8 32. Kxe3 Rb2 33. Re2 Kf7 34. Kd3 Rb1 35. Kc4 Rb2 36. Kd3 Rb1 37. c4 Rb2 38. Rxb2 axb2 39. Kc2 Ke6 40. Kxb2 c5 41. Kc3 cxd4+ 42. Kxd4 Kd6 43. a4 Kc6 44. a5 Kb7 45. Ke5 Kc6 46. Kf6 1-0


[Site "https://www.chess.com"]

[Event "Titled Tuesday Blitz August 22 Late 2023"]
[White "Reprintsev, Alexander"]
[Black "Antonio, Jorge Carlos"]
[WhiteFideId "14100541"]
[BlackFideId "113190"]
[WhiteElo "2488"]
[BlackElo "2316"]
[Result "1-0"]
[Round "7"]
[TimeControl "180+1"]
[Date "2023.08.22"]
[WhiteClock "0:00:44"]
[BlackClock "0:00:00"]
[Board "114"]

1. e4 c5 2. b3 e6 3. Nf3 a6 4. Bb2 Nc6 5. c4 Nf6 6. e5 Ng4 7. h3 Nh6 8. g4 d5 9. exd6 Qxd6 10. Bg2 Bd7 11. O-O f6 12. d4 cxd4 13. Nxd4 Nf7 14. Nxc6 Bxc6 15. Qxd6 Bxd6 16. Bxc6+ bxc6 17. Nc3 Be5 18. Rad1 h5 19. f4 Bxc3 20. Bxc3 hxg4 21. hxg4 Rh4 22. g5 fxg5 23. Bxg7 Rg4+ 24. Kh2 gxf4 25. Bf6 e5 26. Rfe1 Kf8 27. Rd7 Re8 28. Rg1 Rxg1 29. Kxg1 Re6 30. Bh4 e4 31. Kf1 Ne5 32. Rd8+ Kf7 33. Ra8 e3 34. Rxa6 Rh6 35. Bg5 Rh1+ 36. Ke2 Ra1 37. Bxf4 Ng4 38. Bxe3 Nxe3 39. Kxe3 Ke7 40. Rxc6 Rxa2 41. Kd4 Kd7 42. Rb6 Rb2 43. Kc5 Kc7 44. b4 Rh2 45. Kb5 Rh5+ 46. c5 1-0


[Site "https://www.chess.com"]

[Event "Titled Tuesday Blitz August 22 Late 2023"]
[White "Hercegovac, Neven"]
[Black "Michalczak, Thomas"]
[WhiteFideId "2839135"]
[BlackFideId "4622634"]
[WhiteElo "2313"]
[BlackElo "2478"]
[Result "0-1"]
[Round "7"]
[TimeControl "180+1"]
[Date "2023.08.22"]
[WhiteClock "0:00:00"]
[BlackClock "0:00:31"]
[Board "115"]

1. d4 Nf6 2. Bf4 d5 3. e3 c5 4. Nf3 Nc6 5. Nbd2 Qb6 6. dxc5 Qxb2 7. Rb1 Qc3 8. Bb5 e6 9. O-O Be7 10. e4 dxe4 11. Ne5 Qxc5 12. Bxc6+ bxc6 13. Nb3 Qd5 14. Nd4 Bd7 15. c4 Qc5 16. Rb7 Rd8 17. Nb3 Qd6 18. Qe2 Bc8 19. Rxa7 Qb8 20. Nxc6 Qxa7 21. Nxa7 Bd7 22. Nb5 O-O 23. Nd6 Bc6 24. c5 Nd5 25. Bg3 Nc3 26. Qc2 Bf6 27. h3 Ra8 28. Kh2 Rxa2 29. Qc1 Rb8 30. Nd2 Rbb2 31. N2c4 Rc2 32. Qf4 Ne2 0-1


[Site "https://www.chess.com"]

[Event "Titled Tuesday Blitz August 22 Late 2023"]
[White "The_Straightforward_Rook"]
[Black "Gerbelli Neto, Eduardo"]
[BlackFideId "2103281"]
[WhiteElo "2455"]
[BlackElo "2312"]
[Result "1/2-1/2"]
[Round "7"]
[TimeControl "180+1"]
[Date "2023.08.22"]
[WhiteClock "0:00:36"]
[BlackClock "0:00:04"]
[Board "116"]

1. e4 e5 2. Nf3 Nc6 3. Bc4 Nf6 4. d3 Bc5 5. a4 a6 6. a5 O-O 7. c3 d6 8. Nbd2 h6 9. Nf1 d5 10. exd5 Nxd5 11. Ng3 Be6 12. O-O Nf4 13. Bxf4 exf4 14. Ne4 Bxc4 15. Nxc5 Bd5 16. Nxb7 Qb8 17. Nc5 Qxb2 18. c4 Bxf3 19. Qxf3 Nd4 20. Qb7 Qxb7 21. Nxb7 f3 22. gxf3 Nxf3+ 23. Kg2 Ne5 24. Nc5 Rfd8 25. Rfd1 Rd6 26. f4 Rg6+ 27. Kf1 Ng4 28. Rd2 Re8 29. Re1 Ne3+ 30. Rxe3 Rxe3 31. Kf2 Re7 32. d4 Rf6 33. Nd3 Rf5 34. d5 g5 35. Kf3 gxf4 36. Nxf4 Re1 37. Kg4 Rf6 38. Rg2 Kf8 39. Rb2 Re4 40. Rf2 Rxc4 41. h4 h5+ 42. Kg5 Rfxf4 43. Rxf4 Rxf4 44. Kxf4 Kg7 45. Kf5 f6 46. Ke6 Kg6 47. Kd7 f5 48. Kxc7 f4 49. d6 f3 50. d7 f2 51. d8=Q f1=Q 52. Qg8+ Kh6 53. Qg5+ Kh7 54. Qxh5+ Kg7 55. Qg5+ Kh7 56. Qh5+ Kg7 57. Qg4+ Kh6 58. Qe6+ Kh7 59. Qd7+ Kh6 60. Qc6+ Kh5 61. Kb7 Kxh4 62. Qxa6 Qf7+ 63. Ka8 Qd5+ 64. Ka7 Qd4+ 65. Qb6 Qd7+ 66. Qb7 Qd4+ 67. Ka8 Qd8+ 68. Qb8 Qxa5+ 69. Kb7 Qb5+ 70. Kc8 Qxb8+ 71. Kxb8 1/2-1/2


[Site "https://www.chess.com"]

[Event "Titled Tuesday Blitz August 22 Late 2023"]
[White "tomobeast"]
[Black "Eggleston, Thomas A"]
[BlackFideId "412139"]
[WhiteElo "2223"]
[BlackElo "2447"]
[Result "0-1"]
[Round "7"]
[TimeControl "180+1"]
[Date "2023.08.22"]
[WhiteClock "0:00:15"]
[BlackClock "0:00:19"]
[Board "117"]

1. e4 e5 2. Nf3 Nf6 3. Nxe5 d6 4. Nf3 Nxe4 5. c4 Ng5 6. d4 Nxf3+ 7. Qxf3 Be7 8. Nc3 c6 9. Bd3 O-O 10. O-O Nd7 11. Re1 Nf6 12. Bg5 h6 13. Bd2 Bg4 14. Qg3 Kh8 15. Qf4 d5 16. cxd5 cxd5 17. h3 Bd6 18. Qe3 Be6 19. Qe2 Re8 20. Qf3 Rc8 21. Re2 Bb8 22. Rae1 Qd6 23. g3 Ng8 24. Bf4 Qd7 25. Bxb8 Rxb8 26. g4 a6 27. Bf5 Nf6 28. Bxe6 fxe6 29. Qf4 Rbc8 30. g5 hxg5 31. Qxg5 Qf7 32. f4 Nh5 33. f5 exf5 34. Rxe8+ Rxe8 35. Rxe8+ Qxe8 36. Qxf5 Qe3+ 37. Qf2 Qg5+ 38. Kh2 Nf4 39. Ne2 Nd3 40. Qf8+ Kh7 41. Ng3 Qd2+ 42. Kh1 Nf2+ 43. Kg2 Ng4+ 44. Kf3 Qf2+ 45. Kxg4 Qxf8 46. Nf5 g6 47. Ng3 Qf2 48. h4 Qxb2 49. h5 Qxd4+ 50. Kh3 Qe3 51. Kh4 Qxg3+ 52. Kxg3 gxh5 53. Kh4 d4 54. Kxh5 d3 55. Kg4 d2 56. Kf4 d1=Q 57. Ke3 Qc2 58. Kd4 Qxa2 59. Ke5 Qc4 60. Kd6 b5 61. Kd7 b4 62. Kd6 a5 63. Kd7 a4 64. Kd6 a3 0-1


[Site "https://www.chess.com"]

[Event "Titled Tuesday Blitz August 22 Late 2023"]
[White "Rangel, Daniel"]
[Black "Haydon, David L"]
[WhiteFideId "2124475"]
[BlackFideId "415405"]
[WhiteElo "2445"]
[BlackElo "2697"]
[Result "0-1"]
[Round "7"]
[TimeControl "180+1"]
[Date "2023.08.22"]
[WhiteClock "0:00:00"]
[BlackClock "0:01:45"]
[Board "118"]

1. d4 f5 2. g4 e6 3. h3 Nf6 4. Nc3 d5 5. Bg5 Be7 6. Qd2 c6 7. O-O-O O-O 8. Nf3 Ne4 9. Nxe4 fxe4 10. Bxe7 Qxe7 11. Ne5 Rxf2 12. Qe3 Rf8 13. Bg2 Nd7 14. Nxd7 Bxd7 15. Rdf1 Rxf1+ 16. Rxf1 Rf8 17. Rxf8+ Qxf8 18. Qg3 Qb4 19. c3 Qf8 20. Kc2 c5 21. dxc5 Ba4+ 22. b3 Bc6 23. Qe5 Kf7 24. g5 Qxc5 25. Qc7+ Qe7 26. Qf4+ Kg8 27. h4 e5 28. Qf5 g6 29. Qf2 a6 30. Bh3 Kg7 31. Kb2 Qd6 32. a4 d4 33. c4 d3 34. exd3 exd3 35. Kc3 e4 36. Bg4 Qe5+ 37. Qd4 Qxd4+ 38. Kxd4 a5 39. Bc8 Kf7 40. Bg4 Ke7 41. Bh3 Kd6 42. Bg2 d2 43. Ke3 d1=Q 44. Kf4 Qd2+ 0-1


[Site "https://www.chess.com"]

[Event "Titled Tuesday Blitz August 22 Late 2023"]
[White "Fajdetic, Hrvoje"]
[Black "reevecanada"]
[WhiteFideId "14501945"]
[WhiteElo "2270"]
[BlackElo "2527"]
[Result "1-0"]
[Round "7"]
[TimeControl "180+1"]
[Date "2023.08.22"]
[WhiteClock "0:00:38"]
[BlackClock "0:01:59"]
[Board "119"]

1. f4 e5 2. fxe5 d6 3. exd6 Bxd6 4. Nf3 g5 5. g3 g4 6. Nh4 Ne7 7. Nc3 Ng6 8. Ng2 h5 9. d4 h4 10. gxh4 Nxh4 11. Ne4 Nxg2+ 12. Bxg2 Qh4+ 13. Kf1 Bxh2 14. Bf4 Bxf4 15. Rxh4 Rxh4 16. e3 Bh6 17. Qe1 Rh5 18. Nf6+ Kf8 19. Nxh5 c6 20. Qh4 Kg8 21. Qd8+ Kh7 22. Qxc8 Kg6 23. Qxb7 Kxh5 24. Qxa8 Nd7 25. Qxc6 Nf8 26. Ke2 f5 27. Rh1+ Kg5 28. Qxh6# 1-0


[Site "https://www.chess.com"]

[Event "Titled Tuesday Blitz August 22 Late 2023"]
[White "Florianovitz, Derlei Alex"]
[Black "Nurgaliyeva, Zarina"]
[WhiteFideId "2114178"]
[BlackFideId "13730096"]
[WhiteElo "2220"]
[BlackElo "2503"]
[Result "0-1"]
[Round "7"]
[TimeControl "180+1"]
[Date "2023.08.22"]
[WhiteClock "0:00:44"]
[BlackClock "0:00:39"]
[Board "120"]

1. e4 e5 2. Nf3 Nc6 3. Bb5 a6 4. Ba4 Nf6 5. O-O Be7 6. Re1 b5 7. Bb3 d6 8. c3 O-O 9. h3 Nb8 10. d4 Nbd7 11. Nbd2 Bb7 12. Bc2 Re8 13. Nf1 Bf8 14. g4 exd4 15. g5 Nxe4 16. Nxd4 c5 17. Nf5 d5 18. Bf4 g6 19. Nh6+ Bxh6 20. gxh6 Qf6 21. Qg4 Ne5 22. Bxe5 Rxe5 23. f4 Rf5 24. Ng3 Rxf4 25. Rxe4 dxe4 26. Qd7 Bc6 27. Qc7 Qg5 28. Kh2 Rf2+ 29. Kg1 Rxc2 30. Rf1 Bd5 31. h4 Qd2 32. Ne2 Qxe2 33. Qg3 e3 0-1


[Site "https://www.chess.com"]

[Event "Titled Tuesday Blitz August 22 Late 2023"]
[White "Senft, Sean"]
[Black "Ismayil, Malak"]
[WhiteFideId "2044960"]
[BlackFideId "13412604"]
[WhiteElo "2343"]
[BlackElo "2500"]
[Result "1-0"]
[Round "7"]
[TimeControl "180+1"]
[Date "2023.08.22"]
[WhiteClock "0:01:23"]
[BlackClock "0:00:21"]
[Board "121"]

1. d4 Nf6 2. c4 e6 3. Nc3 d5 4. cxd5 exd5 5. Bg5 Be7 6. e3 O-O 7. Bd3 c6 8. Nf3 h6 9. Bh4 Bg4 10. Qc2 Nbd7 11. O-O Bxf3 12. gxf3 Nh5 13. Bg3 Rc8 14. Kh1 b5 15. Rg1 Nb6 16. b3 Qd7 17. Qe2 f5 18. Be5 Bf6 19. f4 Bxe5 20. Qxh5 Bc7 21. Qxh6 b4 22. Ne2 Rf7 23. Rg5 Kf8 24. Qg6 Re8 25. Bxf5 Qe7 26. Rag1 Bd8 27. Qh7 Qf6 28. Bg6 1-0


[Site "https://www.chess.com"]

[Event "Titled Tuesday Blitz August 22 Late 2023"]
[White "Sanchez Castillo, Sarai Carolina"]
[Black "Ansh M Shah"]
[WhiteFideId "3900754"]
[BlackFideId "25033379"]
[WhiteElo "2343"]
[BlackElo "2497"]
[Result "1-0"]
[Round "7"]
[TimeControl "180+1"]
[Date "2023.08.22"]
[WhiteClock "0:00:18"]
[BlackClock "0:00:20"]
[Board "122"]

1. e4 c5 2. Nf3 Nc6 3. Nc3 g6 4. d4 cxd4 5. Nxd4 Bg7 6. Be3 Nf6 7. Be2 d6 8. O-O O-O 9. f4 e5 10. Nxc6 bxc6 11. fxe5 dxe5 12. Qxd8 Rxd8 13. Bg5 Rd6 14. Rad1 Rxd1 15. Bxd1 Nd7 16. Be2 Nb6 17. a4 Be6 18. b3 h6 19. Be3 Nd7 20. a5 Bf8 21. Na4 Kg7 22. h3 Bb4 23. a6 f5 24. Rd1 Kf7 25. Bc4 Bxc4 26. Rxd7+ Ke6 27. Rb7 Bb5 28. c4 Bxa4 29. Rxb4 1-0


[Site "https://www.chess.com"]

[Event "Titled Tuesday Blitz August 22 Late 2023"]
[White "Bullen, Alex"]
[Black "Jaskolka, Tomasz"]
[WhiteFideId "1801627"]
[BlackFideId "1170791"]
[WhiteElo "2342"]
[BlackElo "2494"]
[Result "0-1"]
[Round "7"]
[TimeControl "180+1"]
[Date "2023.08.22"]
[WhiteClock "0:00:08"]
[BlackClock "0:00:09"]
[Board "123"]

1. d4 e6 2. Nf3 f5 3. Bf4 Nf6 4. e3 Bd6 5. Bxd6 cxd6 6. c4 O-O 7. Nc3 b6 8. Be2 Bb7 9. O-O Qe8 10. d5 e5 11. Qc2 g6 12. Nb5 Qe7 13. Nc7 Na6 14. Nxa8 Bxa8 15. a3 Nc5 16. b4 Nce4 17. Nd2 g5 18. f3 Nxd2 19. Qxd2 Qg7 20. Kh1 Kh8 21. g4 fxg4 22. fxg4 Ne4 23. Qe1 Rf6 24. Rxf6 Qxf6 25. Qg1 Nc3 26. Rf1 Nxd5 27. Bf3 e4 28. Bxe4 Nxe3 29. Bxa8 Nxf1 30. Kg2 Nd2 31. Qf2 Qxf2+ 32. Kxf2 Nxc4 33. Bd5 Nxa3 34. Ke3 Nc2+ 35. Ke4 Nxb4 36. Bb3 Kg7 37. Kf5 h6 38. Bc4 d5 39. Bb3 d6 40. Ke6 d4 41. Kxd6 d3 42. Ke5 d2 43. Kd4 Kf6 44. Kc3 a5 45. Kxd2 Ke5 46. Ke3 Nd5+ 47. Kd3 Nf6 48. h3 Nd5 49. Kc4 Nf4 50. Kb5 Nxh3 51. Kxb6 Nf2 52. Bf7 Nxg4 53. Kxa5 Kf4 54. Kb4 Nf6 55. Kc4 h5 56. Kd3 Kf3 57. Bg6 g4 58. Bf5 h4 59. Be6 g3 60. Bc8 Ng4 61. Bb7+ Kf2 62. Kd2 g2 63. Bxg2 Kxg2 64. Ke1 h3 65. Ke2 h2 66. Kd3 h1=Q 67. Ke4 Qe1+ 68. Kf5 Qe5+ 69. Kg6 Kg3 70. Kh7 Qe6 71. Kh8 Qe7 72. Kg8 Kf4 73. Kh8 Kg5 74. Kg8 Kg6 75. Kh8 Qd8# 0-1


[Site "https://www.chess.com"]

[Event "Titled Tuesday Blitz August 22 Late 2023"]
[White "Harish, Neeraj"]
[Black "Vafin, Ayrat"]
[WhiteFideId "30958130"]
[BlackFideId "4146530"]
[WhiteElo "2340"]
[BlackElo "2489"]
[Result "0-1"]
[Round "7"]
[TimeControl "180+1"]
[Date "2023.08.22"]
[WhiteClock "0:00:41"]
[BlackClock "0:00:20"]
[Board "124"]

1. e4 e5 2. Nf3 Nf6 3. d4 Nxe4 4. Bd3 d5 5. Nxe5 Nd7 6. Nc3 Nxe5 7. dxe5 Nxc3 8. bxc3 Be7 9. O-O O-O 10. f4 f5 11. Be3 Be6 12. Qf3 c5 13. Kh1 Qa5 14. Bd2 Rad8 15. Rf2 c4 16. Bf1 Bc5 17. Be3 Qxc3 18. Bxc5 Qxa1 19. Bxf8 Kxf8 20. Qa3+ Kf7 21. h3 d4 22. Kh2 d3 23. cxd3 cxd3 24. Qb4 Qd4 25. Qxb7+ Rd7 26. Qf3 d2 27. Be2 d1=Q 28. Qh5+ Kf8 29. Bxd1 Qxf2 0-1


[Site "https://www.chess.com"]

[Event "Titled Tuesday Blitz August 22 Late 2023"]
[White "KrokerGuy"]
[Black "Stanisz, Patryk"]
[BlackFideId "1123106"]
[WhiteElo "2446"]
[BlackElo "2326"]
[Result "1-0"]
[Round "7"]
[TimeControl "180+1"]
[Date "2023.08.22"]
[WhiteClock "0:00:24"]
[BlackClock "0:00:09"]
[Board "125"]

1. e4 c5 2. Nf3 Nc6 3. d4 cxd4 4. Nxd4 Nf6 5. Nc3 e5 6. Ndb5 d6 7. Bg5 a6 8. Na3 b5 9. Nd5 Qa5+ 10. Bd2 Qd8 11. Bd3 Nxd5 12. exd5 Ne7 13. O-O Nf5 14. f4 g6 15. g4 Qb6+ 16. Rf2 Ne3 17. Bxe3 Qxe3 18. Qf1 Bxg4 19. Re1 Qb6 20. fxe5 O-O-O 21. Kh1 dxe5 22. Rxf7 Bd6 23. c4 b4 24. c5 Bxc5 25. Nc4 Qb8 26. Nxe5 Bd7 27. Bxa6+ Kc7 28. Rc1 Qb6 29. Qc4 Kd6 30. Rf6+ Ke7 31. Rxb6 Bxb6 32. Nxd7 Rxd7 33. Qxb4+ Bc5 34. Qxc5+ 1-0


[Site "https://www.chess.com"]

[Event "Titled Tuesday Blitz August 22 Late 2023"]
[White "Filip, Andrei"]
[Black "Liu, Casper"]
[WhiteFideId "1249452"]
[BlackFideId "1454153"]
[WhiteElo "2321"]
[BlackElo "2441"]
[Result "1-0"]
[Round "7"]
[TimeControl "180+1"]
[Date "2023.08.22"]
[WhiteClock "0:00:08"]
[BlackClock "0:00:03"]
[Board "126"]

1. e4 c5 2. Nc3 e6 3. d4 cxd4 4. Qxd4 Nc6 5. Qd2 Bb4 6. a3 Bxc3 7. Qxc3 Qf6 8. Qe3 Nh6 9. h3 O-O 10. Nf3 d5 11. Be2 Qg6 12. exd5 exd5 13. O-O Bf5 14. Nh4 Qf6 15. Nxf5 Nxf5 16. Qf4 Nfd4 17. Bd3 Qxf4 18. Bxf4 Rfe8 19. Rfe1 Ne6 20. Bg3 Nc5 21. Bb5 Rxe1+ 22. Rxe1 Nd4 23. Bd3 Nxd3 24. cxd3 Ne6 25. Rc1 Kf8 26. f4 g6 27. Kf2 Ke8 28. Kf3 Kd7 29. Bf2 b6 30. g4 Re8 31. h4 Kd6 32. f5 gxf5 33. gxf5 Ng7 34. Bg3+ Ke7 35. Rc7+ Kf6 36. Rxa7 Nxf5 37. Bf2 Re6 38. Rb7 d4 39. Rd7 Ne3 40. Rxd4 Nd1 41. Rf4+ Kg6 42. Bd4 Rc6 43. Rg4+ Kf5 44. Rg1 Rc1 45. Ke2 Nc3+ 46. bxc3 Rc2+ 47. Ke3 Ra2 48. Bxb6 Rh2 1-0


[Site "https://www.chess.com"]

[Event "Titled Tuesday Blitz August 22 Late 2023"]
[White "Ardila, Oscar Humberto"]
[Black "Blackburn, Jonathan L B"]
[WhiteFideId "4404742"]
[BlackFideId "1801090"]
[WhiteElo "2317"]
[BlackElo "2432"]
[Result "0-1"]
[Round "7"]
[TimeControl "180+1"]
[Date "2023.08.22"]
[WhiteClock "0:00:00"]
[BlackClock "0:00:04"]
[Board "127"]

1. d4 Nf6 2. c4 g6 3. Nc3 Bg7 4. Nf3 d6 5. e3 O-O 6. Be2 Nbd7 7. O-O e5 8. dxe5 dxe5 9. Qd2 c6 10. Qc2 Qe7 11. Rd1 Nc5 12. e4 Bg4 13. Be3 Bxf3 14. Bxf3 Ne6 15. Ne2 h5 16. Rd2 g5 17. g3 g4 18. Bg2 Rfd8 19. Rad1 Rxd2 20. Rxd2 Rd8 21. Qd1 Rxd2 22. Qxd2 c5 23. Nc3 Nd4 24. Nd5 Nxd5 25. cxd5 b5 26. Kf1 c4 27. Qa5 Qd7 28. a4 bxa4 29. Qc5 Qb7 30. Qxc4 Qxb2 31. Bxd4 exd4 32. d6 Qb6 33. d7 Bf6 34. e5 Bd8 35. Bd5 Qb1+ 36. Kg2 Kg7 37. Bxf7 Qe4+ 38. Kf1 Qh1+ 39. Ke2 Qe4+ 40. Kd2 Ba5+ 41. Kd1 Qf3+ 42. Qe2 Qxe2+ 43. Kxe2 Kxf7 44. Kd3 Ke7 45. e6 a3 46. Kc2 d3+ 47. Kxd3 a2 0-1


[Site "https://www.chess.com"]

[Event "Titled Tuesday Blitz August 22 Late 2023"]
[White "Acikel, Mert"]
[Black "Avila Rodriguez, Joshua Ad"]
[WhiteFideId "12956465"]
[BlackFideId "5126444"]
[WhiteElo "2313"]
[BlackElo "2422"]
[Result "0-1"]
[Round "7"]
[TimeControl "180+1"]
[Date "2023.08.22"]
[WhiteClock "0:00:09"]
[BlackClock "0:00:07"]
[Board "128"]

1. e4 c5 2. c3 Nf6 3. e5 Nd5 4. d4 cxd4 5. Nf3 d6 6. Qxd4 e6 7. Nbd2 Nc6 8. Bb5 Bd7 9. Bxc6 Bxc6 10. Nc4 dxe5 11. Ncxe5 Qb6 12. Qxb6 axb6 13. O-O b5 14. Bg5 f6 15. Nxc6 bxc6 16. Bh4 e5 17. Rfe1 Kf7 18. Nd2 Be7 19. Bg3 Ra4 20. Kf1 Rha8 21. a3 c5 22. Rac1 b4 23. axb4 cxb4 24. c4 Nb6 25. b3 Ra2 26. Red1 Rb2 27. Rb1 Raa2 28. Rxb2 Rxb2 29. Ke1 Ke6 30. f3 Nd7 31. Rb1 Ra2 32. Bf2 Bc5 33. Bxc5 Nxc5 34. h4 h5 35. Ke2 f5 36. Ke3 Rc2 37. Ra1 Rc3+ 38. Ke2 Nxb3 39. Nxb3 Rxb3 40. Ra6+ Ke7 41. Ra7+ Kd6 42. Rxg7 Kc5 43. Rc7+ Kd4 44. c5 Rb2+ 45. Kf1 b3 46. c6 Ke3 47. Kg1 Rb1+ 48. Kh2 b2 49. Rb7 Rc1 50. Rxb2 Rxc6 51. Rb5 Kf4 52. Rb7 e4 53. fxe4 fxe4 54. Kg1 Rc1+ 55. Kf2 e3+ 56. Ke2 Rc2+ 57. Kf1 Rf2+ 58. Ke1 Rxg2 59. Rh7 Kf3 60. Rf7+ Ke4 61. Re7+ Kf3 62. Rf7+ Kg3 63. Rg7+ Kh3 64. Re7 Rg3 65. Ke2 Kxh4 66. Rxe3 Rxe3+ 67. Kxe3 Kg3 68. Ke2 Kg2 69. Ke1 h4 70. Ke2 h3 0-1


[Site "https://www.chess.com"]

[Event "Titled Tuesday Blitz August 22 Late 2023"]
[White "Zampronha, Wladimir Camilo"]
[Black "Dwilewicz, Katarzyna"]
[WhiteFideId "2103087"]
[BlackFideId "1148486"]
[WhiteElo "2307"]
[BlackElo "2420"]
[Result "0-1"]
[Round "7"]
[TimeControl "180+1"]
[Date "2023.08.22"]
[WhiteClock "0:01:03"]
[BlackClock "0:00:26"]
[Board "129"]

1. e4 c5 2. Nf3 d6 3. d4 cxd4 4. Nxd4 Nf6 5. Nc3 a6 6. Bg5 Nbd7 7. f4 h6 8. Bxf6 Nxf6 9. Qd2 b5 10. Bd3 Bb7 11. a3 e6 12. O-O-O Rc8 13. g4 Be7 14. h4 Nxg4 15. Rhg1 h5 16. f5 Bxh4 17. Kb1 e5 18. Nf3 Bf2 19. Rxg4 hxg4 20. Qxf2 gxf3 21. Qxf3 Qh4 22. Qg2 Ke7 23. a4 b4 24. Nd5+ Bxd5 25. exd5 Qf6 26. Bxa6 Ra8 27. Bb5 Qxf5 28. Qd2 Qf4 29. Qe2 Rh2 30. Qd3 f5 31. Rf1 Rf2 32. Rxf2 Qxf2 33. Qc4 Qc5 34. Qh4+ Kf7 35. Qh5+ g6 36. Qh7+ Kf6 37. Qd7 Rh8 38. Qe6+ Kg5 39. Qe7+ Kf4 40. Qg7 Rh1+ 41. Ka2 Qxd5+ 42. b3 Qd4 0-1


[Site "https://www.chess.com"]